AoeStats
← ecerva.27

Black Forest

508903692Analyzed
4v4 RM · 8d ago on Sep 24, 2026· 45m 35s· 8 players
Game mode
Random Map
Map size
Large (8 player)
Population
200
Speed
Normal
Resources
Standard
Victory
Conquest
Starting age
Dark Age
Ending age
Imperial Age
RankedLock teamsTeams togetherTeam positionsShared explorationLock speedFull tech treeHidden civsTurbo modeCheats
Victory
Defeat
🇲🇽 Koreans · Mexico
1207
+14
🇪🇸 Turks · Spain
1206
+14
🇩🇪 Saxons · Germany
1195
+14
🇦🇷 Cumans · Argentina
1111
+18
🇳🇱 Franks · Netherlands
1216
-17
🇬🇧 Danes · United Kingdom
1198
-17
🇩🇪 Turks · Germany
1146
-15
🇳🇱 Persians · Netherlands
1064
-11
Starscream
1:23 Loom
14:32 Feudal Age
18:36 Castle Age
16:25 Double-Bit Axe
19:36 Horse Collar
21:25 Medium Warships
26:55 Bow Saw
27:10 Fishing Lines
28:30 Wheelbarrow
29:19 Heavy Plow
30:48 Hand Cart
30:50 Gillnets
30:49 Town Watch
32:01 Gold Mining
35:51 Imperial Age
33:23 Scale Mail Armor
33:33 Forging
33:50 Squires
33:35 Arson
34:12 Fletching
34:40 Chain Mail Armor
36:12 Gold Shaft Mining
36:26 Iron Casting
35:42 Fletching
36:05 Town Patrol
36:30 Hamask
37:31 Conscription
37:04 Elite Varangian Guard
38:15 Plate Mail Armor
40:18 Blast Furnace
40:46 Ballistics
39:54 Onager
41:49 Northmen's Fury
41:51 Siege Onager
44:45 Siege Engineers
Sir Swinag
7:26 Loom
11:25 Feudal Age
16:02 Castle Age
14:18 Double-Bit Axe
15:32 Horse Collar
16:43 Heavy Plow
24:31 Padded Archer Armor
26:52 Bloodlines
28:29 Leather Archer Armor
29:59 Scale Barding Armor
30:05 Forging
31:01 Bow Saw
34:43 Husbandry
Builder
12:57 Feudal Age
14:23 Wheelbarrow
16:46 Castle Age
15:08 Fishing Lines
15:37 Double-Bit Axe
18:57 Bow Saw
23:20 Scale Barding Armor
24:13 Forging
24:33 Town Watch
25:22 Loom
26:24 Wheelbarrow
30:55 Imperial Age
29:29 Chain Barding Armor
29:44 Iron Casting
30:42 Gold Mining
32:03 Cavalier
34:10 Chemistry
34:39 Plate Barding Armor
35:00 Gillnets
37:18 Blast Furnace
36:46 Hand Cart
37:12 Paladin
42:54 Husbandry
[RPTea] Sir_Craenen
11:56 Feudal Age
16:23 Castle Age
14:37 Double-Bit Axe
18:31 Bow Saw
22:37 Loom
23:28 Wheelbarrow
24:23 Fishing Lines
24:25 Horse Collar
27:15 Bloodlines
27:06 Husbandry
27:28 Forging
27:23 Scale Barding Armor
29:03 Heavy Plow
29:52 Husbandry
30:11 Bloodlines
30:05 Gillnets
30:09 Gold Mining
30:51 Hand Cart
31:24 Kamandaran
32:24 Iron Casting
32:10 Chain Barding Armor
35:08 Imperial Age
32:26 Town Watch
33:22 Elite Skirmisher
34:41 Thumb Ring
35:08 Padded Archer Armor
35:51 Conscription
35:44 Citadels
37:00 Two-Man Saw
36:32 Crop Rotation
36:28 Guilds
35:53 Cavalier
38:44 Blast Furnace
38:45 Hoardings
39:37 Plate Barding Armor
40:13 Gold Shaft Mining
39:29 Stone Mining
40:28 Fletching
40:53 Leather Archer Armor
40:36 Light Cavalry
41:44 Bodkin Arrow
43:19 Ring Archer Armor
42:37 Savar
ecerva.27
11:30 Feudal Age
9:55 Loom
15:48 Castle Age
14:31 Double-Bit Axe
15:35 Town Watch
17:54 Bow Saw
18:37 Wheelbarrow
25:18 Fishing Lines
30:59 Imperial Age
28:48 Hand Cart
29:14 Squires
28:59 Arson
31:25 Forging
31:16 Scale Mail Armor
31:09 Fletching
32:23 Conscription
32:04 Eupseong
31:51 Treadmill Crane
32:22 Masonry
33:47 Chain Mail Armor
34:11 Iron Casting
33:32 Bodkin Arrow
35:40 Chemistry
35:01 Ballistics
34:51 Horse Collar
35:07 Gillnets
35:23 Elite Fire Lancer
37:24 Architecture
37:02 Siege Engineers
37:57 Gold Mining
42:47 Two-Man Saw
41:35 Town Watch
42:34 Bracer
43:04 Plate Mail Armor
Petit_Pois
0:36 Loom
12:19 Feudal Age
16:57 Castle Age
14:53 Double-Bit Axe
21:15 Imperial Age
20:59 Padded Archer Armor
31:25 Bow Saw
32:30 Wheelbarrow
39:38 Hand Cart
40:37 Town Watch
41:10 Caravan
45:22 Horse Collar
46:46 Two-Man Saw
46:11 Leather Archer Armor
Starmari
1:04 Loom
13:34 Feudal Age
14:24 Double-Bit Axe
15:27 Horse Collar
21:53 Castle Age
22:40 Man-at-Arms
24:32 Clerical Recruitment
29:13 Wheelbarrow
30:30 Fishing Lines
31:53 Crossbowman
33:53 Hand Cart
36:09 Imperial Age
34:36 Fletching
34:47 Padded Archer Armor
35:37 Bow Saw
35:19 Gold Mining
35:35 Heavy Plow
35:48 Thumb Ring
37:08 Ballistics
36:18 Arbalester
36:58 Bodkin Arrow
37:18 Leather Archer Armor
37:29 Conscription
36:33 Shield Wall
37:40 Caravan
37:43 Elite Varangian Guard
38:24 Squires
37:45 Pikeman
38:46 Bracer
39:22 Crop Rotation
39:59 Ring Archer Armor
42:30 Two-Man Saw
42:17 Forging
42:07 Scale Mail Armor
43:03 Hoardings
43:39 Chemistry
42:21 Treadmill Crane
[LP] Peronbot
0:31 Loom
11:14 Feudal Age
12:03 Double-Bit Axe
13:51 Horse Collar
16:57 Wheelbarrow
24:25 Scale Barding Armor
24:31 Forging
26:40 Castle Age
24:52 Gold Mining
25:19 Bloodlines
25:28 Town Watch
25:29 Fishing Lines
27:50 Chain Barding Armor
28:06 Iron Casting
28:21 Heavy Plow
28:33 Bow Saw
29:00 Gold Shaft Mining
28:43 Hand Cart
28:28 Light Cavalry
29:50 Devotion
31:47 Coinage
31:39 Fletching
32:07 Gillnets
32:39 Caravan
35:38 Imperial Age
35:57 Town Patrol
35:56 Murder Holes
36:13 Masonry
36:24 Ballistics
36:01 Bodkin Arrow
36:07 Padded Archer Armor
36:04 Elite Steppe Lancer
37:50 Blast Furnace
37:15 Conscription
37:05 Steppe Husbandry
36:34 Cavalier
37:43 Guilds
38:08 Banking
38:21 Plate Barding Armor
39:05 Crop Rotation
39:37 Two-Man Saw
38:04 Hussar
Connection lost

Rejoining the realm…

Still unreachable

The connection could not be restored.

Session expired

The server has moved on; the page needs a fresh start.